 Dungeon Crawl Stone Soup version 0.26-a0-455-g0958c023ba (webtiles) character file.

Game seed: 16191465625373620438

25669 Apogee the Severer (level 12, -1/151 HPs)
             Began as a Minotaur Berserker on July 28, 2020.
             Was a High Priest of Trog.
             Slain by Jorgrun
             ... wielding an uncursed staff of earth
              (17 damage)
             ... on level 13 of the Dungeon.
             The game lasted 00:22:17 (13204 turns).

Apogee the Severer (Minotaur Berserker)            Turns: 13204, Time: 00:22:18

Health: -1/151     AC: 20    Str: 28    XL:     12   Next: 91%
Magic:  11/11      EV: 10    Int:  4    God:    Trog [*****.]
Gold:   491        SH:  7    Dex: 15    Spells: 11/11 levels left

rFire    . . .     SeeInvis .   X - +2 broad axe (vorpal)
rCold    . . .     Faith    .   t - +2 buckler
rNeg     . . .     Spirit   .   L - +0 plate armour (curse)
rPois    .         Reflect  .   (helmet restricted)
rElec    .         Harm     .   (no cloak)
rCorr    .                      C - +0 pair of gloves
MR       .....                  o - +0 pair of boots
Stlth    ..........             (no amulet)
HPRegen  0.35/turn              T - +6 ring of dexterity
MPRegen  0.12/turn              m - +4 ring of evasion

@: berserking (expiring), grasped by roots, flying, constricted, very quick
A: retaliatory headbutt, horns 2
a: Berserk, Trog's Hand, Brothers in Arms, Renounce Religion


You were on level 13 of the Dungeon.
You worshipped Trog.
Trog was extremely pleased with you.
You visited 1 branch of the dungeon, and saw 12 of its levels.
You visited the Abyss 1 time.

You collected 641 gold pieces.
You spent 150 gold pieces at shops.

Inventory:

Hand Weapons
 a - a +0 hand axe
 q - a cursed +0 hunting sling
   (You found it on level 3 of the Dungeon)
 w - the +2 dagger of Surin {vorpal, MR+, unknown}
   (You found it on level 5 of the Dungeon)

   It inflicts extra damage upon your enemies.
   It affects your resistance to hostile enchantments.
 B - a +8 great mace
   (You took it off an ogre on level 5 of the Dungeon)
 E - a +0 war axe
   (You found it on level 6 of the Dungeon)
 O - a +0 vorpal broad axe
   (Trog gifted it to you on level 10 of the Dungeon)
 P - a +5 broad axe
   (You took it off Urug on level 10 of the Dungeon)
 X - a +2 vorpal broad axe (weapon)
   (You took it off an orc on level 12 of the Dungeon)
Missiles
 c - 420 stones (quivered)
 p - 8 silver javelins
 A - 6 throwing nets {!f}
Armour
 b - a +0 animal skin
 l - a +0 chain mail
   (You found it on level 1 of the Dungeon)
 o - a +0 pair of boots (worn)
   (You found it on level 3 of the Dungeon)
 t - a +2 buckler (worn)
   (You found it on level 3 of the Dungeon)
 C - a +0 pair of gloves (worn)
   (You found it on level 6 of the Dungeon)
 K - +0 steam dragon scales
   (You took it off Maggie on level 8 of the Dungeon)
 L - a cursed +0 plate armour (worn)
   (You took it off an orc warrior on level 7 of the Dungeon)
Jewellery
 h - an uncursed ring of wizardry
   (You found it on level 1 of the Dungeon)
 m - a +4 ring of evasion (right hand)
   (You found it on level 2 of the Dungeon)
 G - an uncursed ring of flight
   (You took it off a centaur on level 7 of the Dungeon)
 T - a +6 ring of dexterity (left hand)
   (You found it on level 4 of the Dungeon)
 V - a cursed ring of attention {unknown}
   (You found it on level 12 of the Dungeon)
Wands
 d - a wand of iceblast (5)
   (You took it off an orc wizard on level 8 of the Dungeon)
 u - a wand of paralysis (6)
   (You found it on level 11 of the Dungeon)
 v - a wand of digging (5)
   (You found it on level 13 of the Dungeon)
 W - a wand of enslavement (12)
   (You took it off an orc on level 12 of the Dungeon)
Scrolls
 g - 9 scrolls of remove curse {@r2}
 i - a scroll of magic mapping {unknown}
 k - 2 scrolls of blinking
 r - 4 scrolls of identify {@r1}
 s - 5 scrolls of enchant armour {unknown}
 x - a scroll of teleportation {unknown}
 y - a scroll of fear {unknown}
 D - a scroll of vulnerability {!r}
 F - a scroll of summoning
 H - a scroll of immolation {unknown}
 J - a scroll of enchant weapon {unknown}
 Q - a scroll of fog {unknown}
 R - 2 scrolls of random uselessness {unknown}
 S - a scroll of torment {!r}
 U - a scroll of noise {unknown}
Potions
 e - 2 potions of degeneration {!q}
 f - 7 potions of curing {@q1}
 j - 2 potions of flight
 n - 2 potions of heal wounds {@q2}
 z - 3 potions of brilliance
 I - a potion of ambrosia {unknown}
 M - 2 potions of lignification {!q}
 N - 5 potions of might
 Y - a potion of magic {unknown}


   Skills:
 - Level 7.7 Fighting
 - Level 18.0 Axes
 + Level 15.3 Armour
 - Level 2.1 Dodging
 - Level 5.0 Shields


You had 11 spell levels left.
You didn't know any spells.
Your spell library was empty.

Dungeon Overview and Level Annotations

Branches:
Dungeon (13/15)            Temple (0/1) D:4             Orc (0/2) D:12
   Lair: D:8-11      Vaults: D:13-14

Altars:
Ashenzari
Elyvilon
Gozag
Hepliaklqana
Kikubaaqudgha
Okawaru
Qazlal
Wu Jian
Beogh

Shops:
D:11 ?

Annotations:
D:12 exclusion: ice statue
D:13 Jorgrun


Innate Abilities, Weirdness & Mutations

You reflexively headbutt those who attack you in melee.
You have a pair of horns on your head.


Message History

Found a short copper wand and a long runed staff.
You now have 491 gold pieces (gained 16).
v - a wand of digging (5);
Y - a black potion A centaur warrior skeleton comes into view.
Jorgrun Earthshaker comes into view.
He is wielding a staff of earth.
You feel very buoyant.
You fly up into the air.
A red film seems to cover your vision as you go berserk!
You feel yourself moving faster!
You feel mighty! The centaur warrior skeleton hits you.
Jorgrun points at you and mumbles some strange words.
Roots burst forth from the earth!
The grasping roots grab you! The grasping roots constrict you.
You slice the centaur warrior skeleton!!
You headbutt the centaur warrior skeleton!
The centaur warrior skeleton barely misses you.
You slice the centaur warrior skeleton!!
Your headbutt misses the centaur warrior skeleton.
You slice the centaur warrior skeleton!!
You destroy the centaur warrior skeleton!
Trog accepts your kill. The grasping roots constrict you!!
You escape the roots' grasp.
You miss Jorgrun.
Jorgrun points at you and mumbles some strange words.
Roots burst forth from the earth!
The grasping roots grab you! The grasping roots constrict you.
You slice Jorgrun!! You headbutt Jorgrun! You slice Jorgrun!!
Your headbutt misses Jorgrun.
Jorgrun points at you and mumbles some strange words.
The iron shot hits you!!!
* * * LOW HITPOINT WARNING * * *
* * * LOW HITPOINT WARNING * * *
The grasping roots constrict you.
You barely miss Jorgrun.
Unknown command.
You slash Jorgrun!
Jorgrun points at you and mumbles some strange words.
You block the iron shot.
* * * LOW HITPOINT WARNING * * *
The grasping roots constrict you.
You slash Jorgrun! Your headbutt misses Jorgrun.
Unknown command.
You barely miss Jorgrun. Your headbutt misses Jorgrun.
Jorgrun points at you and mumbles some strange words.
The iron shot hits you!!!
* * * LOW HITPOINT WARNING * * *
You die...

### #..# #..# #..#
#..# #..# #..#
#..# #########..#
#..# ..
...........# #|.#
#.. ......g@...#
#..# #..
###..####..####..#
#.. # #........#
#..
#........#####..
#..####.........
.....# #.........
......# #<.#####..
####..# #..# #..
#..# #..# #..


You could see Jorgrun.

Vanquished Creatures
  2 tentacled starspawn (Abyss:3)
  Fannar (D:11)
  A hydra (D:12)
  Harold (D:7)
  Erolcha (D:12)
  3 two-headed ogres
  Erica (D:8)
  Urug (D:10)
  3 thrashing horrors (Abyss:3)
  An orc high priest (D:12)
  An orc knight (D:12)
  An orc sorcerer (D:12)
  An ugly thing (D:12)
  Maggie (D:8)
  A centaur skeleton (D:13)
  A gargoyle (D:10)
  A kobold demonologist (D:11)
  A merfolk (D:10)
  A troll (D:11)
  2 hippogriffs
  Prince Ribbit (D:7)
  A hornet (D:11)
  2 slime creatures (D:12)
  2 wraiths (D:7)
  9 yaks (D:11)
  2 wyverns
  A shadow (D:11)
  A steam dragon (D:11)
  The ghost of adozu the Stinger, an amateur DrVM of Ashenzari (D:5)
  A soldier ant (D:11)
  An acid dragon (D:11)
  An ice beast (D:6)
  9 orc warriors
  A phantom (D:8)
  5 sky beasts
  5 ogres
  3 necrophages
  10 centaurs
  A crocodile (D:11)
  4 bullfrogs
  5 big kobolds
  A gnoll sergeant (D:7)
  3 scorpions
  8 killer bees
  11 wights
  9 hounds
  4 quasits
  A centaur zombie (D:10)
  A jelly (D:12)
  7 orc priests
  14 orc wizards
  3 bullfrog skeletons
  A human skeleton (D:7)
  5 human zombies (D:7)
  2 iguanas
  2 worker ants
  2 killer bee zombies
  A small abomination (Abyss:3)
  An ogre zombie (D:7)
  2 hound skeletons
  A mummy (D:7)
  5 worker ant zombies
  12 gnolls
  6 adders
  A shadow imp (D:6)
  6 white imps
  5 ufetubi
  An adder zombie (D:5)
  5 worms
  7 leopard geckos
  71 orcs
  5 bats
  2 giant cockroaches
  10 goblins
  9 hobgoblins
  10 jackals
  38 kobolds
  4 quokkas
  4 ball pythons
  5 frilled lizards
  A jackal skeleton (D:5)
  2 leopard gecko zombies (D:5)
  4 rats
  3 plants (D:1)
  2 starspawn tentacles (Abyss:3)
389 creatures vanquished.

Vanquished Creatures (collateral kills)
  Sonja (D:11)
  A slime creature (D:12)
  A manticore (D:12)
  2 killer bees (D:12)
  An orc wizard (D:12)
  3 orcs (D:12)
9 creatures vanquished.

Vanquished Creatures (others)
  An orc (D:8)
  A plant (D:1)
  3 starspawn tentacles (Abyss:3)
5 creatures vanquished.

Grand Total: 403 creatures vanquished

Notes
Turn   | Place    | Note
-------+----------+-------------------------------------------
     0 | D:1      | Apogee the Minotaur Berserker began the quest for the Orb.
     0 | D:1      | Reached XP level 1. HP: 19/19 MP: 0/0
   419 | D:1      | Reached skill level 4 in Axes
   503 | D:1      | Reached XP level 2. HP: 22/27 MP: 1/1
  1281 | D:2      | Reached XP level 3. HP: 33/33 MP: 2/2
  1312 | D:2      | Reached ** piety under Trog
  1571 | D:2      | Found an iron altar of Okawaru.
  1613 | D:2      | Reached skill level 5 in Axes
  1951 | D:3      | Reached XP level 4. HP: 37/41 MP: 3/3
  2165 | D:3      | Reached skill level 6 in Axes
  2167 | D:3      | Reached skill level 5 in Fighting
  2167 | D:3      | Reached XP level 5. HP: 48/48 MP: 4/4
  2362 | D:3      | Found a hazy altar of Hepliaklqana.
  2523 | D:3      | Reached *** piety under Trog
  2542 | D:3      | Reached skill level 7 in Axes
  2549 | D:3      | Reached XP level 6. HP: 29/56 MP: 5/5
  3138 | D:4      | Reached skill level 8 in Axes
  3138 | D:4      | Reached skill level 1 in Shields
  3279 | D:4      | Found a staircase to the Ecumenical Temple.
  3675 | D:4      | Reached XP level 7. HP: 62/62 MP: 6/6
  4045 | D:5      | Entered Level 5 of the Dungeon
  4111 | D:5      | Got a crude dagger
  4347 | D:5      | Found a stormy altar of Qazlal.
  4348 | D:5      | Noticed a fire elemental
  4349 | D:5      | Noticed an air elemental
  4349 | D:5      | Noticed a water elemental
  4419 | D:5      | Reached skill level 9 in Axes
  4598 | D:5      | Found a transporter.
  4599 | D:5      | Noticed adozu's ghost (amateur DrVM)
  4624 | D:5      | Reached **** piety under Trog
  4789 | D:5      | Found a transporter.
  4892 | D:5      | Reached XP level 8. HP: 70/70 MP: 7/7
  4904 | D:5      | Found an opulent altar of Gozag.
  5009 | D:5      | Killed adozu's ghost
  5009 | D:5      | Reached skill level 10 in Axes
  5017 | D:5      | Reached skill level 5 in Shields
  5224 | D:6      | Found an iron altar of Okawaru.
  5305 | D:6      | Found a shattered altar of Ashenzari.
  5327 | D:6      | Reached skill level 11 in Axes
  5636 | D:6      | Reached skill level 12 in Axes
  6008 | D:7      | Noticed Prince Ribbit
  6018 | D:7      | Killed Prince Ribbit
  6018 | D:7      | Reached XP level 9. HP: 62/75 MP: 8/8
  6197 | D:7      | Reached skill level 13 in Axes
  6326 | D:7      | Noticed Harold
  6336 | D:7      | Killed Harold
  6336 | D:7      | Reached skill level 14 in Axes
  6795 | D:7      | Reached ***** piety under Trog
  6795 | D:7      | Reached skill level 5 in Armour
  6802 | D:7      | Found an ancient bone altar of Kikubaaqudgha.
  6847 | D:7      | Reached XP level 10. HP: 68/88 MP: 9/9
  7388 | D:8      | Noticed Maggie
  7405 | D:8      | Killed Maggie
  7550 | D:8      | Noticed Erica
  7558 | D:8      | Killed Erica
  7840 | D:8      | Found an ornate altar of the Wu Jian Council.
  8073 | D:8      | You fall into a shaft and drop 3 floors!
  8285 | D:11     | Reached skill level 15 in Axes
  8337 | D:11     | Noticed Sonja
  8355 | D:12     | Found a runed translucent door.
  8534 | D:12     | Found a staircase to the Orcish Mines.
  8753 | D:10     | Entered Level 10 of the Dungeon
  8864 | D:10     | Received a gift from Trog
  8940 | D:10     | Reached ****** piety under Trog
  9082 | D:10     | Noticed a gargoyle
  9094 | D:10     | Killed a gargoyle
  9094 | D:10     | Reached XP level 11. HP: 81/93 MP: 10/10
  9333 | D:10     | Found a white marble altar of Elyvilon.
  9449 | D:10     | Noticed Urug
  9461 | D:10     | Killed Urug
  9461 | D:10     | Reached skill level 10 in Armour
 10159 | D:11     | Reached skill level 16 in Axes
 10412 | D:11     | Cast into level 2 of the Abyss (Sonja)
 10448 | Abyss:2  | Noticed a starcursed mass
 10451 | Abyss:2  | Found a corrupted altar of Lugonu.
 10592 | Abyss:3  | Found a corrupted altar of Lugonu.
 10604 | Abyss:3  | Noticed a tentacled starspawn
 10619 | Abyss:3  | Killed a tentacled starspawn
 10647 | Abyss:3  | Noticed a tentacled starspawn
 10663 | Abyss:3  | Killed a tentacled starspawn
 10693 | Abyss:3  | Noticed a thrashing horror
 10695 | Abyss:3  | Noticed a thrashing horror
 10696 | Abyss:3  | Noticed a thrashing horror
 10706 | Abyss:3  | Killed a thrashing horror
 10706 | Abyss:3  | Reached skill level 17 in Axes
 10708 | Abyss:3  | Killed a thrashing horror
 10708 | Abyss:3  | Reached XP level 12. HP: 15/101 MP: 11/11
 10794 | Abyss:3  | Noticed a tentacled starspawn
 10800 | D:11     | Escaped the Abyss
 10805 | D:11     | Killed Sonja
 10876 | D:11     | Found Mygruf's Magic Scroll Shop.
 10876 | D:11     | Noticed a two-headed ogre
 10889 | D:11     | Killed a two-headed ogre
 10979 | D:11     | Bought a scroll of vulnerability for 75 gold pieces
 10979 | D:11     | Bought a scroll of torment for 75 gold pieces
 11236 | D:11     | Noticed Fannar
 11249 | D:11     | Killed Fannar
 11335 | D:11     | Received a gift from Trog
 11544 | D:12     | Noticed a two-headed ogre
 11547 | D:12     | Noticed an eight-headed hydra
 11550 | D:12     | Killed a two-headed ogre
 11557 | D:12     | Killed a nine-headed hydra
 11818 | D:12     | Noticed Erolcha
 11821 | D:12     | HP: 1/101 [very large slime creature (57)]
 12281 | D:12     | Reached skill level 18 in Axes
 12647 | D:12     | Noticed a two-headed ogre
 12654 | D:12     | Killed a two-headed ogre
 12776 | D:12     | Noticed an orc high priest
 12856 | D:12     | Killed Erolcha
 12872 | D:12     | Killed an orc high priest
 12872 | D:12     | Reached skill level 15 in Armour
 13115 | D:12     | Found a roughly hewn altar of Beogh.
 13191 | D:13     | Noticed Jorgrun
 13204 | D:13     | Slain by Jorgrun

Illustrated notes

Levels and vault maps discovered:
D:1:      roderic_crop_circles_arrival_small, layout_basic, minmay_cut_off
D:2:      layout_loops_cross, nicolae_overflow_crystal_walls
D:3:      layout_basic, marbit_many_paths
D:4:      layout_cave_pods, minmay_temple_entry_statues_pillars,
          solitary_fountain
D:5:      layout_cave_pools, lemuel_coloured_pillars_altar,
          gammafunk_ghost_smash, serial_undead, serial_undead_c,
          serial_undead_b, serial_undead_f, serial_undead_b,
          nicolae_qazlal_style_of_elements
D:6:      layout_loops_cross, kennysheep_mini_moat, okawaru_metal_pillars_3
D:7:      layout_basic, lemuel_mausoleum_altar_kikubaaqudgha, uniq_harold,
          uniq_prince_ribbit1
D:8:      layout_basic, lemuel_doored_altar, minmay_bent, uniq_psyche,
          uniq_maurice, uniq_erica, uniq_maggie
D:10:     layout_loops_cross, basic_altar, hangedman_fish_farm, uniq_urug
D:11:     layout_loops_ring, serial_shops, shop, uniq_sonja, uniq_fannar
D:12:     lemuel_ice_statue, layout_cave_pools, hiddenorc2_lemuel,
          lightli_church_of_beogh, uniq_erolcha
D:13:     minmay_curly_fans, layout_small_grid, special_room [special_room_orc],
          uniq_frances, uniq_jorgrun

Skill      XL: |  1  2  3  4  5  6  7  8  9 10 11 12 |
---------------+-------------------------------------+-----
Axes           | 4 5 6 7 8 9 12 14 15 17 18 | 18.0
Fighting       | 4 5 7 |  7.7
Shields        | 2 4 5 |  5.0
Armour         | 5 9 12 15 | 15.3
Dodging        | |  2.1

Action                   |  1- 3 |  4- 6 |  7- 9 | 10-12 || total
-------------------------+-------+-------+-------+-------++-------
Melee: Hand axe          |   160 |   114 |   124 |       ||   398
       Headbutt          |    38 |    17 |    76 |   123 ||   254
       War axe           |       |       |   199 |   284 ||   483
       Broad axe         |       |       |       |   306 ||   306
Invok: Berserk           |     1 |     3 |     4 |     9 ||    17
       Brothers in Arms  |       |       |       |     5 ||     5
       Trog's Hand       |       |       |       |     2 ||     2
  Use: Potion            |       |     1 |       |     7 ||     8
       Scroll            |       |       |       |    11 ||    11
Armor: Animal skin       |    12 |       |       |       ||    12
       Chain mail        |    24 |    50 |    80 |    23 ||   177
       Plate armour      |       |       |       |   185 ||   185
Dodge: Dodged            |    51 |    44 |   128 |   272 ||   495
Block: Buckler           |       |     6 |    71 |   142 ||   219

Table legend: (Time is in decaauts)
 A = Elapsed time spent in this place.
 B = Non-inter-level travel time spent in this place.
 C = Inter-level travel time spent in this place.
 D = Time resting spent in this place.
 E = Time spent auto-exploring this place.
 F = Levels seen in this place.
 G = Mean time per level.
                   A        B        C        D        E       F      G
               +--------+--------+--------+--------+--------+-----+--------+
         Total |  13147 |  12681 |    466 |   2044 |   8368 |  14 |  939.1 |
       Dungeon |  12782 |  12316 |    466 |   1775 |   8346 |  12 | 1065.2 |
         Abyss |    365 |    365 |      0 |    268 |     21 |   2 |  182.5 |
               +--------+--------+--------+--------+--------+-----+--------+

Top non-repeatable levels by time:
    D:11: 1917 daAuts
    D:12: 1551 daAuts
     D:7: 1423 daAuts
     D:1: 1222 daAuts
     D:3: 1196 daAuts
    D:10: 1181 daAuts
     D:5: 1032 daAuts
     D:4: 950 daAuts
     D:6: 881 daAuts
     D:2: 712 daAuts
     D:8: 669 daAuts
 Abyss:3: 200 daAuts
 Abyss:2: 165 daAuts
    D:13: 44 daAuts
